 Dungeon Crawl Stone Soup version 0.30-a0-782-ge64f9170bb (webtiles) character file.

Game seed: 7175627629922334261

39006 Anon1729 the Skirmisher (level 13, -1/117 HPs)
             Began as a Minotaur Monk on Feb 21, 2023.
             Was the Champion of Okawaru.
             Slain by a death yak (18 damage)
             ... on level 4 of the Lair of Beasts.
             The game lasted 00:24:58 (14807 turns).

Anon1729 the Skirmisher (Minotaur Monk)            Turns: 14807, Time: 00:24:58

Health: -1/117     AC: 11    Str: 21    XL:     13   Next: 66%
Magic:  12/12      EV: 19    Int:  7    God:    Okawaru [******]
Gold:   707        SH:  0    Dex: 19    Spells: 12/12 levels left

rFire   + . .      SeeInvis .    b - +6 longbow "Aleuc" {elec, rElec}
rCold   . . .      Faith    .    (shield currently unavailable)
rNeg    . . .      Spirit   .    i - +0 robe
rPois   +          Reflect  .    J - +2 hat of Resourcefulness {Rampage rPois rF+ Int+3}
rElec   +          Harm     .    k - scarf {repulsion}
rCorr   .          Rampage  +    x - +0 pair of gloves
Will    ++...      Rage     50%  Z - +0 pair of boots {rampage}
Stlth   ++++                     R - necklace of Bloodlust {Fury *Rage Will++ Int-3 Slay+6}
HPRegen 0.39/turn                c - +4 ring of protection
MPRegen 0.13/turn                W - +6 ring of strength

@: repel missiles
A: horns 2, retaliatory headbutt
a: Renounce Religion, Heroism, Finesse, Duel


You were on level 4 of the Lair of Beasts.
You worshipped Okawaru.
Okawaru was exalted by your worship.
You visited 3 branches of the dungeon, and saw 16 of its levels.
You also visited: Bailey and Gauntlet.

You collected 974 gold pieces.
You spent 267 gold pieces at shops.

Inventory:

Hand Weapons
 a - a +4 scimitar of flaming
 b - the +6 longbow "Aleuc" (weapon) {elec, rElec}
   (You acquired it in a bailey)

   rElec:     It insulates you from electricity.
 w - the +9 shortbow "Kaut" {drain, Str+3 Dex+3}
   (You took it off a minotaur in a Gauntlet)

   Str:       It affects your strength (+3).
   Dex:       It affects your dexterity (+3).
Missiles
 q - 7 silver javelins
 Q - a throwing net
Armour
 i - a +0 robe (worn)
 k - a scarf of repulsion (worn)
 x - a +0 pair of gloves (worn)
 J - the +2 hat of Resourcefulness (worn) {Rampage rPois rF+ Int+3}
   (You acquired it in a bailey)

   Int:       It affects your intelligence (+3).
   rF:        It protects you from fire.
   rPois:     It protects you from poison.
   Rampage:   It bestows one free step when moving towards enemies.
 Z - a +0 pair of boots of rampaging (worn)
Magical Staves
 f - a staff of poison
Jewellery
 c - a +4 ring of protection (left hand)
 y - a ring of fire
 F - an amulet of magic regeneration
 R - the necklace of Bloodlust (around neck) {Fury *Rage Will++ Int-3 Slay+6}
   (You found it in a Gauntlet)

   [amulet of nothing]

   Fury:      It extends the wearer's berserk rage when killing foes.
   Int:       It affects your intelligence (-3).
   Slay:      It affects your accuracy & damage with ranged weapons and melee
   (+6).
   *Rage:     It berserks you when you make melee attacks (+50% chance).
   Will:      It greatly increases your willpower.
 S - a ring of wizardry
 T - a ring of wizardry
 V - the amulet of Koexkuole {Spirit rCorr}
   (You took it off a minotaur in a Gauntlet)

   [amulet of guardian spirit]

   It causes incoming damage to be divided between your reserves of health and
   magic.
   rCorr:     It protects you from acid and corrosion.
 W - a +6 ring of strength (right hand)
 X - an amulet of regeneration
Wands
 t - a wand of roots (10)
 v - a wand of polymorph (10)
 E - a wand of paralysis (4)
 G - a wand of digging (11)
 U - a wand of flame (20)
 Y - a wand of acid (6)
Scrolls
 d - 5 scrolls of enchant armour
 h - a scroll of brand weapon {unknown}
 j - 3 scrolls of silence
 l - 3 scrolls of immolation
 n - 6 scrolls of magic mapping
 o - 2 scrolls of identify
 p - 3 scrolls of poison
 C - 9 scrolls of teleportation
 D - 4 scrolls of blinking
 K - a scroll of torment {unknown}
 M - 2 scrolls of vulnerability
 N - 2 scrolls of fear {unknown}
 O - 3 scrolls of fog
Potions
 e - 6 potions of curing
 g - 3 potions of mutation {unknown}
 m - a potion of berserk rage
 r - a potion of flight
 s - 4 potions of invisibility
 u - 3 potions of magic
 z - 3 potions of heal wounds
 A - 2 potions of resistance {unknown}
 B - 2 potions of lignification {unknown}
 H - a potion of experience {unknown}
 I - a potion of brilliance {unknown}
 L - a potion of attraction {unknown}
 P - 3 potions of haste


   Skills:
 + Level 11.8 Fighting
 + Level 11.7 Long Blades
 * Level 14.3 Ranged Weapons
 + Level 8.7 Armour
 + Level 10.9 Dodging
 + Level 8.9 Stealth


You had 12 spell levels left.
You didn't know any spells.
Your spell library contained the following spells:

 Spells                   Type           Power      Damage    Failure   Level
 Kiss of Death            Conj/Necr      0%         2d5       43%         1
 Necrotise                Necr           0%         1d4       43%         1
 Blink                    Tloc           0%         N/A       56%         2
 Cigotuvi's Dreadful Rot  Necr/Pois/Air  0%         N/A       56%         2
 Ensorcelled Hibernation  Hex/Ice        0%         N/A       56%         2
 Passwall                 Tmut/Erth      0%         N/A       56%         2
 Poisonous Vapours        Pois/Air       0%         N/A       56%         2
 Sublimation of Blood     Necr           0%         N/A       56%         2
 Confusing Touch          Hex            0%         N/A       80%         3
 Ignite Poison            Fire/Tmut/Pois 0%         N/A       80%         3
 Kindle Blastsparks       Fire/Tloc/Air  0%         2d10      80%         3
 Mephitic Cloud           Conj/Pois/Air  0%         N/A       80%         3
 Spider Form              Tmut/Pois      0%         N/A       80%         3
 Swiftness                Air            0%         N/A       80%         3
 Vampiric Draining        Necr           0%         2d6       80%         3
 Anguish                  Hex/Necr       0%         N/A       99%         4
 Dispel Undead            Necr           0%         3d6       99%         4
 Manifold Assault         Tloc           0%         N/A       99%         4
 Petrify                  Tmut/Erth      0%         N/A       99%         4
 Agony                    Necr           0%         N/A       100%        5
 Blade Hands              Tmut           0%         N/A       100%        5
 Freezing Cloud           Conj/Ice/Air   0%         6-21      100%        5
 Irradiate                Conj/Tmut      0%         3d11      100%        5
 Iron Shot                Conj/Erth      0%         9d1       100%        6
 Orb of Destruction       Conj           0%         9d5       100%        7
 Storm Form               Tmut/Air       0%         N/A       100%        7
 Summon Guardian Golem    Hex/Summ       Unusable   N/A       N/A         3
 Animate Armour           Summ/Erth      Unusable   N/A       N/A         4
 Death Channel            Necr           Unusable   N/A       N/A         6
 Spellforged Servitor     Conj/Summ      Unusable   N/A       N/A         7

Dungeon Overview and Level Annotations

Branches:
Dungeon (11/15)            Temple (1/1) D:6            Lair (4/5) D:11
  Swamp (0/4) Lair:2        Snake (0/4) Lair:3        Slime (0/5) Lair:4
    Orc (0/2) D:9          Bailey (visited)         Gauntlet (visited)

Altars:
Ashenzari
Cheibriados
Dithmenos
Elyvilon
Fedhas
Gozag
Hepliaklqana
Kikubaaqudgha
Makhleb
Nemelex Xobeh
Okawaru
Qazlal
Ru
Sif Muna
Trog
Uskayaw
Vehumet
Wu Jian
Xom
Yredelemnul
Zin
The Shining One

Shops:
D:4 (   D:6 *

Annotations:
D:4 4 runed translucent doors


Innate Abilities, Weirdness & Mutations

You have a pair of horns on your head.
You reflexively headbutt those who attack you in melee.


Message History

Press: ? - help, Q - select action, (/) - cycle Shift-Dir - straight line, f/p - death yak
Aim: a death yak (lightly wounded, 88% to hit)
You shoot an arrow. The arrow hits the death yak!!
The death yak is heavily wounded.
The death yak misses you.
Fire: b) +6 longbow "Aleuc" {elec, rElec}
Press: ? - help, Q - select action, (/) - cycle Shift-Dir - straight line, f/p - death yak
Aim: a death yak (heavily wounded, 88% to hit)
You shoot an arrow. The arrow hits the death yak.
The death yak is heavily wounded.
The death yak gores you but does no damage.
Fire: b) +6 longbow "Aleuc" {elec, rElec}
Press: ? - help, Q - select action, (/) - cycle Shift-Dir - straight line, f/p - death yak
Aim: a death yak (heavily wounded, 88% to hit)
You shoot an arrow. The arrow hits the death yak.
The death yak is heavily wounded.
Fire: b) +6 longbow "Aleuc" {elec, rElec}
Press: ? - help, Q - select action, (/) - cycle Shift-Dir - straight line, f/p - death yak
Aim: a death yak (heavily wounded, 88% to hit)
You shoot an arrow. The arrow hits the death yak.
The death yak is heavily wounded.
The death yak misses you. The elephant barely misses you.
The elephant completely misses you. The elephant attacks as you move away!
The elephant tramples you but does no damage.
The elephant closely misses you. The death yak attacks as you move away!
The death yak closely misses you.
You feel like a meek peon again. The elephant attacks as you move away!
The elephant tramples you but does no damage.
The elephant barely misses you. The death yak attacks as you move away!
The death yak gores you!!
* * * LOW HITPOINT WARNING * * *
Fire: b) +6 longbow "Aleuc" {elec, rElec}
Press: ? - help, Q - select action, (/) - cycle Shift-Dir - straight line, f/p - death yak
Aim: a death yak (heavily wounded, 87% to hit)
You shoot an arrow.
The arrow completely misses the death yak.
The death yak gores you!!
You die...

###### ####
#######.##.###..## ##
####....#..#.#.##P..#######.
##...........................
#........Y.Y.................
##...#P.#.##Y.....#.P#'#.#...
#...##...###@.....####.###...
#...###†####.......##..# #...
##..# #..##.......###..##....
#..# #..###......##...###...
#.†.#######.......##...##...
#..## #.......####.###...
#... #......=# ###.##.<.
..... ........###.##.#...
#..... ......................


You could see a death yak and an elephant.

Vanquished Creatures
  An orc warlord (Bailey)
  A minotaur (Gauntlet)
  2 hydras
  A boulder beetle (Lair:3)
  15 death yaks
  A hell hog (Gauntlet)
  A two-headed ogre (D:11)
  Urug (D:10)
  2 skysharks
  A lindwurm (Lair:3)
  9 elephants
  5 black mambas
  A guardian serpent (Lair:3)
  3 cane toads
  8 komodo dragons
  A gargoyle (D:11)
  2 unseen horrors (D:10)
  2 rime drakes
  2 trolls (D:11)
  A polar bear (Lair:3)
  3 hornets
  A raiju (Gauntlet)
  8 blink frogs
  13 yaks
  2 wraiths
  4 basilisks
  A slime creature (D:9)
  3 wyverns
  2 fire bats (Gauntlet)
  A steam dragon (Gauntlet)
  4 vampire mosquitoes (D:11)
  An acid dragon (D:10)
  A hell hound (Gauntlet)
  13 water moccasins
  8 orc warriors
  3 sky beasts
  An ice beast (D:4)
  7 black bears
  3 ogres
  A centaur (D:9)
  12 wolves
  A phantom (D:4)
  4 kobold brigands
  7 bullfrogs
  2 gnoll sergeants
  3 necrophages (D:6)
  A scorpion (D:6)
  5 wights
  3 howler monkeys
  2 centaur zombies (D:6)
  3 gnoll boudas
  6 orc priests
  6 jellies
  A human zombie (D:6)
  3 hounds
  4 iguanas
  9 orc wizards
  3 killer bee zombies (D:6)
  2 mummies (D:6)
  6 adders
  33 gnolls
  A white imp (D:6)
  2 worms
  3 dart slugs
  48 orcs
  7 endoplasms
  5 giant cockroaches
  12 goblins
  7 hobgoblins
  A jackal (D:3)
  3 quokkas
  6 ball pythons
  6 bats
  6 frilled lizards
  38 kobolds
  8 rats
  A butterfly (Lair:3)
410 creatures vanquished.

Vanquished Creatures (others)
  32 fungi
  36 plants
68 creatures vanquished.

Grand Total: 478 creatures vanquished

Notes
Turn   | Place    | Note
-------+----------+-------------------------------------------
     0 | D:1      | Anon1729 the Minotaur Monk began the quest for the Orb.
     0 | D:1      | Reached XP level 1. HP: 19/19 MP: 0/0
   314 | D:1      | Reached XP level 2. HP: 27/27 MP: 1/1
   698 | D:2      | Found a faded altar of an unknown god.
   925 | D:2      | Reached XP level 3. HP: 23/33 MP: 2/2
  1046 | D:2      | Reached skill level 1 in Ranged Weapons
  1478 | D:3      | Reached XP level 4. HP: 14/40 MP: 3/3
  1501 | D:2      | HP: 1/40 [orc/+0 hand axe (7)]
  1668 | D:3      | Reached skill level 2 in Ranged Weapons
  1967 | D:3      | Reached XP level 5. HP: 47/47 MP: 4/4
  2080 | D:3      | Found a burning altar of Makhleb.
  2591 | D:4      | Reached skill level 3 in Ranged Weapons
  2669 | D:4      | Noticed an ice beast
  2674 | D:4      | Noticed a phantom
  2680 | D:4      | Killed an ice beast
  2681 | D:4      | Reached XP level 6. HP: 13/53 MP: 5/5
  3040 | D:4      | Found a large runed translucent door.
  3041 | D:4      | Found a large runed translucent door.
  3043 | D:4      | Found a hide-covered altar of Uskayaw.
  3046 | D:4      | Found a large runed translucent door.
  3046 | D:4      | Found a large runed translucent door.
  3056 | D:4      | Noticed an orc warrior
  3131 | D:4      | Reached skill level 5 in Fighting
  3131 | D:4      | Reached skill level 4 in Ranged Weapons
  3205 | D:4      | Found Jephin's Antique Weapon Boutique.
  3237 | D:4      | Reached skill level 5 in Long Blades
  3506 | D:4      | Reached XP level 7. HP: 61/61 MP: 6/6
  3771 | D:5      | Entered Level 5 of the Dungeon
  4109 | D:5      | Reached skill level 5 in Dodging
  4134 | D:5      | Reached skill level 5 in Ranged Weapons
  4618 | D:5      | Reached XP level 8. HP: 70/70 MP: 7/7
  4757 | D:6      | Found Xily's Assorted Antiques.
  4766 | D:6      | Bought a gluggy blue potion for 24 gold pieces
  4766 | D:6      | Bought a scroll labelled DYSECI SEOKEUN for 27 gold pieces
  4766 | D:6      | Bought a scroll labelled OHUDEMP SUIGES for 27 gold pieces
  4766 | D:6      | Bought a scroll labelled KOLUACSIGEF for 27 gold pieces
  4766 | D:6      | Bought 2 scrolls labelled OHUDEMP SUIGES for 54 gold pieces
  4766 | D:6      | Bought 2 scrolls labelled DYSECI SEOKEUN for 54 gold pieces
  4766 | D:6      | Bought a scroll labelled DYSECI SEOKEUN for 27 gold pieces
  4766 | D:6      | Bought a scroll labelled NUGHANN BIDUITT for 27 gold pieces
  4816 | D:6      | Reached skill level 6 in Ranged Weapons
  5011 | D:6      | Found an ancient bone altar of Kikubaaqudgha.
  5082 | D:6      | Reached skill level 7 in Ranged Weapons
  5216 | D:6      | Found a staircase to the Ecumenical Temple.
  5390 | D:6      | Reached XP level 9. HP: 77/78 MP: 8/8
  5442 | Temple   | Entered the Ecumenical Temple
  5745 | Temple   | Became a worshipper of Warmaster Okawaru
  5745 | Temple   | Reached * piety under Okawaru
  5745 | Temple   | Reached ** piety under Okawaru
  5875 | D:6      | Found a glowing silver altar of Zin.
  6403 | D:7      | Reached skill level 8 in Ranged Weapons
  6555 | D:7      | Reached skill level 5 in Stealth
  6737 | D:7      | Found a broken altar of Ashenzari.
  7016 | D:8      | Reached *** piety under Okawaru
  7682 | D:9      | Reached skill level 9 in Ranged Weapons
  7702 | D:9      | Found a staircase to the Orcish Mines.
  7712 | D:9      | Reached XP level 10. HP: 67/88 MP: 9/9
  8229 | D:10     | Entered Level 10 of the Dungeon
  8229 | D:10     | Noticed Urug
  8241 | D:10     | Killed Urug
  8242 | D:10     | Reached skill level 1 in Armour
  8446 | D:10     | Found a sacrificial altar of Ru.
  8492 | D:10     | Reached **** piety under Okawaru
  8815 | D:10     | Found a flagged portal.
  8831 | Bailey   | Entered a bailey
  8836 | Bailey   | Noticed an orc warlord
  8894 | Bailey   | Found a runed translucent gate.
  8894 | Bailey   | Found a runed translucent gate.
  8894 | Bailey   | Found a runed translucent gate.
  8965 | Bailey   | Identified the ring "Sidwuom" {rElec rPois rN+ Str+3 Int+6}
  9136 | Bailey   | Acquired the +2 hat of Resourcefulness {Rampage rPois rF+
                  | Int+3}
  9167 | Bailey   | Killed an orc warlord
  9168 | Bailey   | Reached skill level 10 in Ranged Weapons
  9181 | Bailey   | Acquired the +6 longbow "Aleuc" {elec, rElec}
  9322 | D:10     | Reached ***** piety under Okawaru
  9537 | D:10     | Reached XP level 11. HP: 92/97 MP: 10/10
  9828 | D:11     | Found a gate leading to a gauntlet.
  9834 | Gauntlet | Entered a Gauntlet
  9834 | Gauntlet | Found a transporter.
  9834 | Gauntlet | Found a transporter.
  9846 | Gauntlet | Found a transporter.
  9855 | Gauntlet | Found the necklace of Bloodlust {Fury *Rage Will++ Int-3
                  | Slay+6}
  9864 | Gauntlet | Found a transporter.
  9864 | Gauntlet | Found a transporter.
  9866 | Gauntlet | Found a transporter.
  9866 | Gauntlet | Found a transporter.
  9867 | Gauntlet | Found a transporter.
  9868 | Gauntlet | Noticed a hell hog
  9871 | Gauntlet | Found a runed translucent door.
  9871 | Gauntlet | Found a runed translucent door.
  9878 | Gauntlet | Found a transporter.
  9891 | Gauntlet | Found a transporter.
  9902 | Gauntlet | Noticed a blizzard demon
  9903 | Gauntlet | Noticed a red ugly thing
  9904 | Gauntlet | Found a transporter.
  9904 | Gauntlet | Noticed a cyan ugly thing
  9907 | Gauntlet | Noticed a glowing orange brain
  9908 | Gauntlet | Noticed a glowing orange brain
  9918 | Gauntlet | Found a transporter.
  9952 | Gauntlet | Found a transporter.
  9969 | Gauntlet | Found a transporter.
 10096 | Gauntlet | Killed a hell hog
 10097 | Gauntlet | Reached skill level 11 in Ranged Weapons
 10305 | Gauntlet | Identified the +9 shortbow "Kaut" {drain, Str+3 Dex+3}
 10305 | Gauntlet | Identified the amulet of Koexkuole {Spirit rCorr}
 10305 | Gauntlet | Noticed a minotaur
 10313 | Gauntlet | Killed a minotaur
 10313 | Gauntlet | Identified the +0 pair of gloves of Supple Strength {rN+
                  | MP-9 Int+3} (Okawaru gifted it to you in a Gauntlet)
 10313 | Gauntlet | Received a gift from Okawaru
 10475 | D:11     | Noticed a two-headed ogre
 10479 | D:11     | Killed a two-headed ogre
 10567 | D:11     | Reached skill level 5 in Armour
 10590 | D:11     | Found a staircase to the Lair.
 11337 | Lair:1   | Entered Level 1 of the Lair of Beasts
 11612 | Lair:1   | Reached skill level 10 in Fighting
 11800 | Lair:1   | Reached skill level 10 in Long Blades
 11800 | Lair:1   | Reached skill level 12 in Ranged Weapons
 11801 | Lair:1   | Reached XP level 12. HP: 106/106 MP: 11/11
 11944 | Lair:2   | Found a staircase to the Swamp.
 12292 | Lair:2   | Reached ****** piety under Okawaru
 12668 | Lair:3   | Identified the +2 kite shield of Prudence {Fly rN+}
                  | (Okawaru gifted it to you on level 3 of the Lair of Beasts)
 12668 | Lair:3   | Received a gift from Okawaru
 12721 | Lair:3   | Noticed a five-headed hydra
 12729 | Lair:3   | Killed a five-headed hydra
 13141 | Lair:3   | Noticed a boulder beetle
 13182 | Lair:3   | Killed a boulder beetle
 13183 | Lair:3   | Reached skill level 13 in Ranged Weapons
 13183 | Lair:3   | Reached skill level 10 in Dodging
 13290 | Lair:3   | Identified the +2 cloak "Hulluph" {rC+}
 13311 | Lair:3   | Identified the +3 buckler of Impermeability {Str+6}
 13382 | Lair:3   | Noticed a death yak
 13384 | Lair:3   | Noticed a death yak
 13384 | Lair:3   | Noticed a death yak
 13388 | Lair:3   | Killed a death yak
 13390 | Lair:3   | Noticed a death yak
 13390 | Lair:3   | Noticed a death yak
 13395 | Lair:3   | Killed a death yak
 13416 | Lair:3   | Killed a death yak
 13417 | Lair:3   | Killed a death yak
 13425 | Lair:3   | Killed a death yak
 13426 | Lair:3   | Reached XP level 13. HP: 46/116 MP: 12/12
 13725 | Lair:3   | Found a staircase to the Snake Pit.
 14134 | Lair:4   | Received a gift from Okawaru
 14281 | Lair:4   | Found a staircase to the Slime Pits.
 14328 | Lair:4   | Reached skill level 14 in Ranged Weapons
 14807 | Lair:4   | Slain by a death yak

Illustrated notes

Levels and vault maps discovered:
D:1:      eino_arrival_cavern_a, layout_basic, dk_noncrumbling_4,
          minmay_misc_feat_tower, st_stairs_12
D:2:      layout_basic, basic_ecumenical_altar, minmay_strange_pillars
D:3:      layout_loops_ring, mainiacjoe_overflow_small_starburst,
          minmay_fractal_squares_5
D:4:      nicolae_cairo_tiling, layout_gridville,
          mainiacjoe_overflow_surrounded_room, serial_shops, shop,
          minmay_hollow_rounded_squares
D:5:      layout_cave_pools
D:6:      layout_rooms, zin_statuary, lemuel_mausoleum_altar_kikubaaqudgha,
          temple_hall, serial_shops, nicolae_shop_crystal
D:7:      layout_rooms, lemuel_coloured_pillars_altar
D:8:      layout_gridville, minmay_tree_intersection, minmay_holes,
          minmay_misc_feat_square
D:9:      layout_gridville, hiddenorc2_lemuel, uniq_psyche, uniq_prince_ribbit1
D:10:     layout_loops_ring, general_overflow_altar, enter_bailey_6, uniq_urug
D:11:     layout_layer_cave, david_lair_shrubbed, gauntlet_entry_generic
Temple:   minmay_temple_bridge_d
Lair:1:   layout_long_grid, grunt_megastairs_3
Lair:2:   layout_roguey, swamp_mist
Lair:3:   layout_loops_ring, minmay_snake_entry_spellcaster,
          chequers_serial_rivers_micro_b, beast_lair_carwin_6,
          lemuel_fruit_fields
Lair:4:   layout_regular_city, nicolae_slime_entry_field_trip,
          minmay_shattered_shrine

Skill      XL: |  1  2  3  4  5  6  7  8  9 10 11 12 13 |
---------------+----------------------------------------+-----
Stealth        | 2 3 4 5 6 7 8 |  8.9
Ranged Weapons | 1 2 3 4 5 7 9 10 12 13 14 | 14.3
Fighting       | 4 5 6 8 9 10 11 | 11.8
Long Blades    | 4 5 6 7 8 10 11 | 11.7
Dodging        | 4 5 6 7 8 9 10 | 10.9
Armour         | 3 5 7 8 |  8.7

Action                     |  1- 3 |  4- 6 |  7- 9 | 10-12 | 13-15 || total
---------------------------+-------+-------+-------+-------+-------++-------
  Melee: Falchion          |    41 |   138 |   162 |       |       ||   341
         Headbutt          |     5 |    24 |    79 |    33 |       ||   141
         Punch             |     1 |     1 |     5 |     4 |       ||    11
         Scimitar          |       |       |   172 |   170 |       ||   342
   Fire: Sling             |    80 |       |     7 |       |       ||    87
         Shortbow          |       |       |     3 |   123 |       ||   126
         Longbow           |       |       |       |   183 |   169 ||   352
 Invoke: Heroism           |       |       |       |       |     1 ||     1
  Evoke: Wand              |       |     3 |       |     6 |       ||     9
    Use: Potion            |       |     4 |       |     2 |       ||     6
         Scroll            |       |       |    16 |     7 |       ||    23
   Stab: Sleeping          |     2 |     8 |    12 |     7 |       ||    29
         Distracted        |       |       |     1 |       |       ||     1
         Paralysed         |       |       |       |     7 |       ||     7
 Armour: Robe              |     9 |    38 |   117 |    63 |    20 ||   247
  Dodge: Dodged            |    43 |    91 |   296 |   258 |    90 ||   778

Table legend: (Time is in decaauts)
 A = Elapsed time spent in this place.
 B = Non-inter-level travel time spent in this place.
 C = Inter-level travel time spent in this place.
 D = Time resting spent in this place.
 E = Time spent auto-exploring this place.
 F = Levels seen in this place.
 G = Mean time per level.
                   A        B        C        D        E       F      G
               +--------+--------+--------+--------+--------+-----+--------+
         Total |  14856 |  14380 |    476 |   1529 |  10078 |  18 |  825.3 |
       Dungeon |   9917 |   9635 |    282 |   1189 |   6604 |  11 |  901.5 |
        Temple |    375 |    229 |    146 |      0 |    213 |   1 |  375.0 |
          Lair |   3469 |   3422 |     47 |    122 |   2685 |   4 |  867.2 |
        Bailey |    467 |    467 |      0 |     98 |    228 |   1 |  467.0 |
      Gauntlet |    625 |    625 |      0 |    120 |    348 |   1 |  625.0 |
               +--------+--------+--------+--------+--------+-----+--------+

Top non-repeatable levels by time:
     D:4: 1691 daAuts
  Lair:3: 1406 daAuts
    D:11: 1026 daAuts
     D:6: 1012 daAuts
    D:10: 1007 daAuts
     D:7: 909 daAuts
     D:2: 861 daAuts
     D:3: 813 daAuts
  Lair:4: 754 daAuts
     D:9: 750 daAuts
  Lair:2: 715 daAuts
     D:1: 698 daAuts
     D:5: 631 daAuts
Gauntlet: 625 daAuts
  Lair:1: 593 daAuts
